Map: [ESL] Oceanborn

Players

Spirit

  • Race: Terran Terran
  • Spawn Location: 11:00

HeroMarine - Winner!

  • Race: Terran Terran
  • Spawn Location: 5:00

Event: ESL SC2 Masters 2023 Winter (Regional)

VOD

Have the link to the VOD?

Description

Time

  • Played on: Nov. 17, 2023, 8:56 a.m.
  • Length: 11:08

All games in this series

Show
View Real Time Build Order
Export as new Build Order

Spirit Terran 

Build Orders: Cyclone Opening, Reaper Expand 

Get SALT Encoding   

  12  0:00  SCV  
  13  0:12  SCV  
  14  0:17  Supply Depot  
  14  0:24  SCV  
  15  0:38  SCV  
  15  0:40  Barracks  
  16  0:45  Refinery  
  16  0:50  SCV  
  17  1:03  SCV  
  18  1:15  SCV  
  19  1:27  Orbital Command  
  19  1:28  Reaper  
  20  1:39  Command Center  
  20  1:48  Supply Depot  
  20  1:53  SCV  
  21  2:00  Marine  
  22  2:05  SCV  
  22  2:07  Factory  
  23  2:10  Refinery  
  23  2:17  SCV  
  23  2:18  Marine  
  25  2:23  Bunker  
  25  2:29  SCV  
  26  2:37  Barracks Reactor  
  26  2:42  SCV  
  27  2:51  Orbital Command  
  27  2:54  SCV  
  27  2:55  Cyclone, Refinery  
  30  3:03  Starport  
  30  3:06  SCV  
  31  3:16  Marine, SCV  
  31  3:17  Marine  
  31  3:18  SCV  
  35  3:28  Factory Tech Lab, SCV  
  35  3:29  Supply Depot  
  35  3:30  SCV  
  37  3:34  Marine  
  37  3:40  SCV  
  39  3:42  SCV  
  40  3:52  SCV  
  40  3:55  SCV  
  41  3:57  Raven  
  41  4:02  Cyclone x2  
  43  4:04  SCV  
  43  4:07  SCV  
  45  4:12  Interference Matrix, Barracks Tech Lab  
  45  4:16  SCV  
  46  4:17  Supply Depot  
  46  4:19  SCV  
  47  4:28  SCV  
  47  4:31  SCV  
  49  4:34  Cyclone x2  
  53  4:39  Raven  
  53  4:40  SCV  
  53  4:43  SCV  
  58  4:53  SCV  
  58  4:57  Command Center, SCV  
  59  5:02  Supply Depot  
  59  5:04  Supply Depot  
  59  5:05  SCV  
  60  5:09  SCV  
  60  5:13  Marine  
  62  5:20  Refinery  
  62  5:23  Raven, Siege Tank, SCV, Marine  
  69  5:31  Barracks, Marine, SCV  
  69  5:32  Barracks  
  69  5:34  Supply Depot  
  71  5:36  SCV  
  72  5:43  SCV  
  72  5:44  Engineering Bay  
  72  5:45  Engineering Bay  
  72  5:49  SCV  
  74  5:55  Siege Tank, SCV  
  78  5:58  Supply Depot  
  78  6:01  SCV  
  78  6:02  Stimpack, Marine  
  80  6:07  Liberator x2  
  80  6:11  Orbital Command  
  86  6:12  Terran Infantry Weapons Level 1  
  86  6:20  SCV  
  86  6:23  Barracks Reactor x2  
  86  6:25  Terran Infantry Armor Level 1  
  83  6:26  SCV  
  83  6:32  Orbital Command, Missile Turret, Marine  
  85  6:33  SCV  
  85  6:35  Missile Turret  
  85  6:38  Siege Tank  
  89  6:41  SCV  
  89  6:45  SCV  
  91  6:47  Sensor Tower  
  91  6:50  Marine  
  91  6:51  Supply Depot  
  91  6:53  SCV  
  93  6:58  Viking x2, SCV  
  93  6:59  Marine  
  93  7:00  Marine x3  
  103  7:05  SCV  
  103  7:08  Marine  
  104  7:09  SCV  
  104  7:10  Supply Depot  
  104  7:12  Supply Depot  
  104  7:14  Supply Depot  
  104  7:15  Bunker, SCV  
  106  7:17  Marine  
  106  7:18  Marine, SCV  
  106  7:21  Siege Tank  
  112  7:24  Marine  
  112  7:26  Marine  
  112  7:27  SCV  
  112  7:29  Refinery  
  115  7:30  Refinery  
  115  7:31  Marine  
  115  7:33  Barracks x2  
  115  7:36  Marine  
  117  7:37  Armory  
  117  7:38  Marine  
  117  7:42  Marine  
  121  7:44  Viking x2  
  121  7:46  Combat Shield  
  121  7:50  Marine x2  
  125  7:53  Siege Tank  
  125  7:58  Supply Depot x2  
  128  7:59  Marine  
  128  8:00  Marine x2  
  128  8:01  Supply Depot  
  131  8:08  Marine x2  
  133  8:14  Medivac x2  
  133  8:15  SCV x3  
  133  8:17  Marine  
  133  8:19  Marine x2  
  143  8:21  Supply Depot  
  143  8:24  Barracks Reactor x2  
  143  8:25  Supply Depot  
  143  8:27  SCV x2  
  143  8:30  SCV  
  143  8:33  Marine x2  
  148  8:35  Marine  
  148  8:37  Marine x2  
  148  8:39  SCV  
  146  8:44  Siege Tank, Liberator x2  
  146  8:45  SCV  
  149  8:50  Marine  
  149  8:51  Marine  
  149  8:53  Marine  
  149  8:54  Marine x2  
  154  9:01  Marine x2  
  154  9:02  Marine  
  157  9:05  Marine  
  157  9:08  Marine x2, Refinery  
  160  9:11  Missile Turret, Marine  
  160  9:12  Marine x2, Supply Depot  
  163  9:19  Siege Tank, Marine x2  
  163  9:20  Marine  
  163  9:22  Marine  
  170  9:26  Marine x2  
  170  9:29  Marine  
  173  9:34  Supply Depot, Marine  
  173  9:37  Medivac  
  173  9:38  Marine  
  175  9:41  Marine  
  175  9:42  Marine  
  175  9:44  Marine  
  172  9:53  Marine x5  
  172  9:56  Marine  
  172  9:59  Marine  
  157  10:00  Marine  
  157  10:02  Marine  
  157  10:03  Medivac  
  139  10:07  Medivac  
  139  10:10  Siege Tank, Command Center, Marine  
  139  10:11  Marine x3  
  139  10:12  Marine  
  149  10:17  Marine x2  
  149  10:19  Marine x2  
  149  10:20  Factory  
  153  10:28  Marine x4  
  153  10:30  Marine  
  153  10:35  Marine x2  
  160  10:36  Marine  
  160  10:37  Marine  
  166  10:46  Marine x4  
  166  10:48  Marine  
Show
View Real Time Build Order
Export as new Build Order

HeroMarine Terran - Winner!

Build Orders: Cyclone Opening, Gas First Reaper Expand 

Get SALT Encoding   

  12  0:00  SCV  
  13  0:12  SCV  
  14  0:17  Supply Depot  
  14  0:24  SCV  
  14  0:27  Refinery  
  15  0:38  SCV  
  16  0:44  Barracks  
  16  0:50  SCV  
  17  1:02  SCV  
  18  1:14  SCV  
  19  1:31  Orbital Command, Reaper  
  20  1:44  Command Center  
  20  1:54  Factory  
  20  1:58  SCV  
  21  2:04  Refinery  
  21  2:06  Barracks Reactor  
  21  2:10  SCV  
  22  2:17  Supply Depot  
  22  2:22  SCV  
  23  2:39  SCV  
  24  2:46  Cyclone x2  
  28  2:51  SCV  
  28  2:54  Starport  
  28  2:58  Orbital Command  
  29  3:03  SCV  
  30  3:16  SCV  
  30  3:18  Cyclone x2  
  35  3:22  Refinery  
  35  3:24  SCV  
  36  3:28  SCV  
  36  3:33  Starport Tech Lab  
  37  3:36  SCV, Supply Depot  
  37  3:40  SCV  
  39  3:50  SCV  
  39  3:51  Cyclone x2  
  39  3:53  SCV  
  44  4:02  Raven, SCV  
  47  4:05  SCV  
  48  4:11  Interference Matrix, Supply Depot  
  48  4:14  SCV  
  49  4:17  SCV  
  50  4:26  SCV  
  50  4:29  SCV  
  50  4:31  Command Center  
  52  4:32  Barracks Tech Lab  
  52  4:39  SCV  
  52  4:40  Raven  
  52  4:41  SCV  
  56  4:48  Factory Reactor  
  56  4:51  SCV  
  56  4:52  Stimpack  
  55  4:53  SCV  
  55  4:55  Barracks  
  56  5:00  Barracks  
  56  5:03  SCV  
  56  5:05  SCV  
  58  5:08  Supply Depot  
  58  5:09  Engineering Bay x2  
  58  5:15  Raven, SCV  
  58  5:16  Marine  
  62  5:29  SCV x2  
  62  5:30  Supply Depot  
  62  5:31  Refinery  
  62  5:34  Marine  
  65  5:36  Terran Infantry Weapons Level 1  
  65  5:38  Factory Reactor, Terran Infantry Armor Level 1  
  65  5:41  SCV x2  
  67  5:44  Orbital Command  
  67  5:51  Marine x2  
  67  5:52  Marine  
  67  5:53  SCV x2  
  67  5:54  Marine x2  
  74  6:05  SCV x2  
  74  6:08  Supply Depot  
  74  6:09  Marine x2  
  74  6:10  SCV, Marine  
  80  6:12  Barracks  
  80  6:13  Barracks  
  80  6:18  SCV x2  
  82  6:22  SCV  
  79  6:28  Siege Tank, Medivac x2  
  79  6:30  SCV x2  
  79  6:31  Combat Shield, Marine x3  
  91  6:34  SCV  
  91  6:36  Supply Depot x2, Marine x2  
  94  6:42  SCV x2  
  94  6:46  SCV  
  97  6:47  Supply Depot  
  97  6:49  Marine x2  
  97  6:51  Armory  
  97  6:52  Refinery  
  97  6:53  Marine, Refinery  
  101  6:54  SCV  
  101  6:57  Marine x2  
  101  6:58  SCV x2  
  101  7:01  Barracks Reactor x2, Supply Depot  
  105  7:06  Siege Tank, SCV  
  105  7:08  Marine  
  110  7:10  SCV x2  
  110  7:13  Marine x2, Supply Depot  
  110  7:14  Medivac  
  116  7:15  Medivac  
  116  7:18  Marine x2  
  120  7:26  Marine  
  121  7:30  Sensor Tower  
  121  7:31  Marine x2  
  121  7:36  Marine x2  
  125  7:38  Siege Tank  
  125  7:39  Marine x3  
  125  7:40  Terran Infantry Weapons Level 2, SCV  
  132  7:45  SCV  
  132  7:46  SCV  
  132  7:50  Command Center  
  134  7:52  SCV  
  134  7:53  Missile Turret  
  134  7:54  Marine  
  134  7:55  Marine x4  
  134  7:56  Missile Turret  
  141  8:03  Marine  
  141  8:04  Terran Infantry Armor Level 2  
  141  8:08  Supply Depot  
  141  8:09  Barracks Reactor, Supply Depot x2  
  141  8:10  Supply Depot  
  141  8:12  Terran Vehicle Weapons Level 1  
  141  8:19  Factory  
  141  8:30  Siege Tank, Marine x4  
  141  8:32  Marine x4  
  141  8:33  Medivac x2  
  156  8:48  Marine x3  
  158  8:49  Marine x2  
  158  8:50  Marine x4  
  158  8:52  Supply Depot  
  164  9:02  Siege Tank, SCV x3  
  170  9:03  Viking x2  
  170  9:08  Marine x2  
  176  9:18  Marine x2  
  176  9:19  Marine  
  176  9:21  Marine x3  
  176  9:22  Marine x2  
  184  9:25  Marine  
  184  9:26  Marine  
  184  9:27  Siege Tank  
  184  9:30  Supply Depot  
  189  9:31  Planetary Fortress  
  189  9:33  Viking x2  
  189  9:34  Siege Tank, Starport x2  
  189  9:38  Marine  
  196  9:39  Marine  
  196  9:44  Marine x2  
  189  9:45  Marine  
  189  9:46  Marine  
  189  9:48  Marine  
  191  9:56  Marine x3  
  191  9:57  Marine x2  
  191  9:59  Siege Tank  
  182  10:02  Marine x2  
  182  10:03  Marine x2  
  182  10:06  Siege Tank, Marine  
  178  10:07  Viking x2  
  178  10:13  Marine  
  178  10:14  Marine x3  
  183  10:15  Marine  
  183  10:19  SCV x3  
  183  10:20  Starport Reactor, Marine  
  183  10:21  SCV, Refinery x2  
  191  10:35  SCV x3  
  194  10:36  SCV  
  194  10:37  Marine x2  
Tags
 
Add a new tag
Caveats
  • Supply blocks, unpowered buildings, or Contaminate may cause inaccurate times.
  • Supply counts are checked every 10 seconds.